AoeStats
← HenryDxebec

Arena

509426260Analyzed
1v1 RM · 4d ago on Sep 26, 2026· 59m 24s· 2 players
Game mode
Random Map
Map size
Tiny (2 player)
Population
200
Speed
Normal
Resources
Standard
Victory
Conquest
Starting age
Dark Age
Ending age
Imperial Age
RankedLock teamsTeams togetherTeam positionsShared explorationLock speedFull tech treeHidden civsTurbo modeCheats
Victory
Defeat
🇨🇱 Teutons · Chile
684
+17
🇹🇷 Cumans · Türkiye
705
-17
HenryDxebec
9:53 Feudal Age
10:33 Double-Bit Axe
10:44 Horse Collar
14:25 Gold Mining
17:55 Castle Age
15:47 Stone Mining
19:09 Bow Saw
22:18 Man-at-Arms
33:18 Wheelbarrow
34:46 Ironclad
36:34 Hand Cart
39:37 Imperial Age
38:05 Heated Shot
38:29 Forging
38:20 Scale Mail Armor
38:25 Scale Barding Armor
38:00 Elite Skirmisher
38:03 Long Swordsman
38:29 Gambesons
38:44 Squires
38:47 Padded Archer Armor
40:29 Iron Casting
39:44 Arson
40:51 Stone Shaft Mining
40:18 Heavy Plow
41:20 Two-Man Saw
41:26 Chemistry
41:08 Elite Teutonic Knight
42:09 Conscription
42:38 Ballistics
43:35 Blast Furnace
42:51 Chain Mail Armor
43:25 Crenellations
43:57 Leather Archer Armor
43:33 Fletching
45:53 Capped Ram
46:45 Heavy Scorpion
47:34 Pikeman
48:28 Halberdier
Katavera
11:27 Feudal Age
9:43 Loom
12:23 Double-Bit Axe
12:23 Horse Collar
13:44 Wheelbarrow
15:18 Man-at-Arms
17:04 Scale Mail Armor
17:15 Forging
26:17 Gold Mining
26:36 Scale Barding Armor
29:56 Castle Age
30:34 Bloodlines
30:50 Heavy Plow
31:05 Bow Saw
31:53 Squires
38:11 Chain Mail Armor
38:17 Chain Barding Armor
39:53 Town Watch
40:24 Hand Cart
42:46 Imperial Age
39:43 Pikeman
40:09 Elite Skirmisher
40:55 Thumb Ring
40:46 Stone Mining
42:58 Town Patrol
44:40 Cavalier
Connection lost

Rejoining the realm…

Still unreachable

The connection could not be restored.

Session expired

The server has moved on; the page needs a fresh start.